 Dungeon Crawl Stone Soup version 0.22-a0-570-g58866f5 (webtiles) character file.

88 theanonym the Skirmisher (level 4, 0/37 HPs)
             Began as a Mummy Chaos Knight on June 30, 2018.
             Slain by an orc priest
             ... wielding a +1 flail of crushing
              (2 damage)
             ... on level 3 of the Dungeon.
             The game lasted 00:03:07 (2354 turns).

theanonym the Skirmisher (Mummy Chaos Knight)       Turns: 2354, Time: 00:03:07

Health: 0/37       AC:  8    Str: 16    XL:     4   Next: 29%
Magic:  4/4        EV:  6    Int: 11    God:
Gold:   174        SH:  0    Dex: 11    Spells: 3/3 levels left

rFire    x . .     SeeInvis .   a - +0 mace (chaos)
rCold    + . .     Gourm    +   (no shield)
rNeg     + + +     Faith    .   i - +0 chain mail
rPois    ∞         Spirit   .   (no helmet)
rElec    .         Reflect  .   (no cloak)
rCorr    .         Harm     .   (no gloves)
MR       .....                  (no boots)
Stlth    ..........             e - amulet of the gourmand
HPRegen  0.12/turn              (no ring)
MPRegen  0.09/turn              (no ring)

@: no status effects
A: no food or potions, fire vulnerability, cold resistance 1, negative energy
resistance 3, torment resistance, unbreathing
a: no special abilities


Innate Abilities, Weirdness & Mutations

You do not eat or drink.
Your flesh is vulnerable to fire.
You are immune to poison.
Your flesh is cold resistant. (rC+)
You are immune to negative energy. (rN+++)
You are immune to unholy pain and torment.
You can survive without breathing.


   Skills:
 + Level 3.8 Fighting
 * Level 3.7 Maces & Flails
 - Level 1.5 Armour
 - Level 0.7 Dodging


You had 3 spell levels left.
You didn't know any spells.
Your spell library was empty.

Skill      XL: |  1  2 |
---------------+-------+-----
Maces & Flails | 3 |  3.7
Fighting       | |  3.8
Armour         | |  1.5
Dodging        | |  0.7

Action                   |  1- 3 |  4- 6 || total
-------------------------+-------+-------++-------
Melee: Mace              |   104 |    41 ||   145
Invok: Renounce Religion |     1 |       ||     1
  Use: Scroll            |     3 |     2 ||     5
 Stab: Petrified         |     3 |       ||     3
Armor: Leather armour    |     4 |       ||     4
       Scale mail        |     7 |       ||     7
       Chain mail        |    40 |    11 ||    51
Dodge: Dodged            |    45 |    14 ||    59

Inventory:

Hand Weapons
 a - a +0 mace of chaos (weapon)
Armour
 b - a +2 leather armour
 d - a +0 scale mail
   (You found it on level 1 of the Dungeon)
 i - a +0 chain mail (worn)
   (You found it on level 1 of the Dungeon)
Jewellery
 e - an amulet of the gourmand (around neck)
   (You found it on level 1 of the Dungeon)
Scrolls
 g - a scroll of enchant armour
 n - 4 scrolls of remove curse
 t - a scroll of teleportation {!r}
 y - a scroll of magic mapping


You were on level 3 of the Dungeon.
You were not hungry.

You visited 1 branch of the dungeon, and saw 3 of its levels.

You collected 174 gold pieces.

Dungeon Overview and Level Annotations

Branches:
Dungeon (3/15)

Altars:
Dithmenos
Fedhas
Kikubaaqudgha
Xom

*,* *,* *,,,,,,,,,, *,* #.*
*,,,,,,,,,, *,* #.*
*,,,,,,,,,, *,* **#.*
*,,,,,,,,,, *,*****,#.*
*,,,,,,,,,, *,**,,,,#.*
*,,,,,,,,,, *,*#.#*,#.##
*********+* *,*#....#..#
*,* *,*#..≈..o@# *,*
*,*##.≈≈≈).# *,*
*,,...≈_≈≈##*************,*
***##.≈.≈.,,,,,,,,,,,,,,,,*
*..≈.≈≈≈*****************
*.......,,,* *####.##**,*
#.****,* *,,,,,,*


You could see an orc priest (berserk).

Notes
Turn   | Place    | Note
-------+----------+-------------------------------------------
     0 | D:1      | theanonym the Mummy Chaos Knight began the quest for the Orb.
     0 | D:1      | Reached XP level 1. HP: 18/18 MP: 1/1
     0 | D:1      | Fell from the grace of Xom
   600 | D:1      | Reached XP level 2. HP: 24/24 MP: 2/2
   811 | D:1      | Reached skill level 3 in Maces & Flails
  1279 | D:2      | HP: 10/24 [ooze (4)]
  1286 | D:2      | HP: 8/24 [ooze (3)]
  1291 | D:2      | Reached XP level 3. HP: 10/29 MP: 3/3
  1373 | D:2      | XOM: scenery: create altars
  1494 | D:2      | XOM: medium Necr miscast
  1495 | D:2      | Noticed a shadow
  1495 | D:2      | Noticed a shadow
  1583 | D:2      | Found an ancient bone altar of Kikubaaqudgha.
  1631 | D:2      | HP: 12/29 [hobgoblin (4)]
  1976 | D:2      | Reached XP level 4. HP: 37/37 MP: 4/4
  1988 | D:2      | XOM: summons 1 hostile shadow creature
  2001 | D:2      | Found a shadowy altar of Dithmenos.
  2254 | D:3      | Found a blossoming altar of Fedhas.
  2350 | D:3      | HP: 18/37 [orc priest/flail of crushing (3)]
  2352 | D:3      | HP: 3/37 [orc priest/flail of crushing (6)]
  2354 | D:3      | Slain by an orc priest

Vanquished Creatures
  3 adders (D:2)
  2 oozes (D:2)
  A worm (D:2)
  A leopard gecko (D:1)
  3 orcs
  2 ball pythons (D:1)
  3 giant cockroaches
  8 goblins
  4 hobgoblins
  A quokka (D:2)
  5 bats
  2 frilled lizards
  6 kobolds
  2 rats
43 creatures vanquished.

Table legend:
 A = Turns spent in this place as a percentage of turns spent in the entire game.
 B = Non-inter-level travel turns spent in this place as a percentage of non-inter-level travel turns spent in the entire game.
 C = Inter-level travel turns spent in this place as a percentage of turns spent in this place.
 D = Turns resting spent in this place as a percentage of non-inter-level travel turns spent in this place.
 E = Turns spent auto-exploring this place as a percentage of non-inter-level travel turns spent in this place.
 F = Non-inter-level travel turns spent in this place divided by the number of levels of this place that you've seen.
                   A       B       C       D       E      F
               +-------+-------+-------+-------+-------+----------------------
         Total | 100.0 | 100.0 |   2.8 |  38.6 |  47.6 | 762.7
       Dungeon | 100.0 | 100.0 |   2.8 |  38.6 |  47.6 | 762.7
               +-------+-------+-------+-------+-------+----------------------
